 Dungeon Crawl Stone Soup version 0.19.5 (webtiles) character file.

56 McKennaii the Firebug (level 3, -3/19 HPs)
             Began as a Deep Elf Fire Elementalist on May 16, 2017.
             Killed from afar by an orc wizard (7 damage)
             ... with a magic dart
             ... on level 2 of the Dungeon.
             The game lasted 00:01:49 (1213 turns).

McKennaii the Firebug (Deep Elf Fire Elementalist)  Turns: 1213, Time: 00:01:50

Health: -3/19      AC:  2    Str:  5    XL:     3   Next: 71%
Magic:  4/10       EV: 13    Int: 20    God:
Gold:   87         SH:  0    Dex: 15    Spells: 3 memorised, 3 levels left

rFire  . . .     SeeInvis .     (no weapon)
rCold  . . .     Gourm    .     a - +0 robe
rNeg   . . .     Faith    .     (no shield)
rPois  .         Spirit   .     (no helmet)
rElec  .         Reflect  .     (no cloak)
rCorr  .         Harm     .     (no gloves)
MR     .....                    (no boots)
Stlth  ++........               (no amulet)
                                (no ring)
                                (no ring)

@: very slightly contaminated
A: no striking features
a: no special abilities


You were on level 2 of the Dungeon.
You were not hungry.

You visited 1 branch of the dungeon, and saw 3 of its levels.

You collected 87 gold pieces.

Inventory:

Armour
 a - a +0 robe (worn)
Scrolls
 d - 2 scrolls of noise {unknown}
 e - a scroll of fear {unknown}
 g - 3 scrolls of remove curse {unknown}
 h - 2 scrolls of immolation {unknown}
 n - a scroll of blinking {unknown}
Potions
 i - 4 potions of curing {unknown}
 k - 2 potions of lignification {unknown}
 l - a potion of flight {unknown}
Books
 b - a book of Flames

   Spells                             Type                      Level
   a - Flame Tongue                   Conjuration/Fire             1
   b - Throw Flame                    Conjuration/Fire             2
   c - Conjure Flame                  Conjuration/Fire             3
   d - Inner Flame                    Hexes/Fire                   3
   e - Sticky Flame                   Conjuration/Fire             4
   f - Fireball                       Conjuration/Fire             5
Comestibles
 c - 4 bread rations
 f - a slice of pizza
 j - a beef jerky


   Skills:
 + Level 2.6 Dodging
 + Level 2.6 Stealth
 + Level 3.7 Spellcasting
 + Level 1.7 Conjurations
 + Level 4.3 Fire Magic


You had 3 spell levels left.
You knew the following spells:

 Your Spells              Type           Power        Failure   Level  Hunger
a - Flame Tongue          Conj/Fire      ###..        4%          1    None
b - Throw Flame           Conj/Fire      ###...       10%         2    ##.....
c - Conjure Flame         Conj/Fire      ###.....     14%         3    ###....


Dungeon Overview and Level Annotations

Branches:
Dungeon (3/15)

Altars:


Message History

The orc wizard hits you with a dagger.
* * * LOW HITPOINT WARNING * * *
You climb upwards.
There is a stone staircase leading down here.
You're too confused to cast spells.
You're too confused!
Unknown command.
The orc wizard closely misses you.
You feel less confused.
The orc wizard gestures at you while chanting.
You resist with some effort.
Casting: Flame Tongue
Confirm with . or Enter, or press ? or * to list all spells.
Aiming: Flame Tongue
Press: ? - help, Shift-Dir - straight line, f - orc wizard
Aim: an orc wizard, wielding a dagger and wearing a robe (severely wounded)
The flame tongue misses the orc wizard.
The orc wizard gestures at you while chanting.
The magic dart hits you!
You die...

#..## #...............#
##..### #...............#
##...## #...............#
#.#..# #..............[#
#.##.# #...............#
#.##.####............[..#
###.##.........o>........##
.........####...........##
#.........#####.@..######
#...........###....#
...................#
#.......)#..###....#
#..................#
#..................#
#.......(.#.......##
#########.........#
##........#


You could see an orc wizard.

Vanquished Creatures
  2 adders (D:2)
  A dart slug (D:1)
  A leopard gecko (D:1)
  4 orcs (D:3)
  6 bats
  A giant cockroach (D:2)
  4 goblins
  3 hobgoblins
  2 frilled lizards
  3 kobolds
  5 rats
32 creatures vanquished.

Notes
Turn   | Place    | Note
-------+----------+-------------------------------------------
     0 | D:1      | McKennaii the Deep Elf Fire Elementalist began the quest for the Orb.
     0 | D:1      | Reached XP level 1. HP: 10/10 MP: 6/6
   209 | D:1      | Reached XP level 2. HP: 12/15 MP: 2/8
   740 | D:2      | Reached skill level 4 in Fire Magic
   927 | D:2      | Reached XP level 3. HP: 16/19 MP: 5/10
   931 | D:2      | Learned a level 2 spell: Throw Flame
   935 | D:2      | Learned a level 3 spell: Conjure Flame
  1213 | D:2      | Killed from afar by an orc wizard

Skill      XL: |  1  2 |
---------------+-------+-----
Fire Magic     | 4 |  4.3
Dodging        | |  2.6
Stealth        | |  2.6
Spellcasting   | |  3.7
Conjurations   | |  1.7

Action                   || total
-------------------------++-------
Melee: Unarmed           ||     2
 Cast: Flame Tongue      ||    64
  Eat: Chunk             ||     1
Armor: Robe              ||     2
Dodge: Dodged            ||    26
